 Dungeon Crawl Stone Soup version 0.32-a0-720-g1d96ad090f (webtiles) character file.

Game seed: 724017521341964384

13 Descartes the Grasshopper (level 2, 22/22 HPs)
             Began as a Coglin Warper on Mar 16, 2024.
             Got out of the dungeon alive.
             The game lasted 00:00:58 (851 turns).

Descartes the Grasshopper (Coglin Warper)            Turns: 851, Time: 00:00:58

Health: 22/22      AC: 10    Str: 11    XL:     2   Next: 37%
Magic:  4/4        EV:  5    Int: 12    God:
Gold:   34         SH:  0    Dex: 13    Spells: 4/4 levels left

rFire   . . .        a - +0 short sword {Prasit}
rCold   . . .        e - +0 dagger {Prasit}
rNeg    . . .        g - +0 chain mail
rPois   .            (no helmet)
rElec   .            (no cloak)
rCorr   .            j - +0 pair of gloves
SInv    .            l - +0 pair of boots
Will    .....        (amulet unavailable) Stlth
                     (ring unavailable)
HPRegen 0.23/turn    (ring unavailable)
MPRegen 0.09/turn    (no gizmo)

%: no passive effects
@: no status effects
A: off-hand wielding, slow wielding, warmup strikes, no jewellery
a: Invent Gizmo


You escaped.
You visited 1 branch of the dungeon, and saw 1 of its levels.

You collected 34 gold pieces.

Inventory:

Hand Weapons
 a - a +0 short sword (weapon) {Prasit}
 e - a +0 dagger (offhand) {Prasit}
Missiles
 d - 7 darts of dispersal (quivered)
 f - 12 poisoned darts
Armour
 b - a +0 leather armour
 g - a +0 chain mail (worn)
 j - a +0 pair of gloves (worn)
 l - a +0 pair of boots (worn)
Scrolls
 c - 2 scrolls of blinking
 i - a scroll of noise {unknown}
 k - a scroll of amnesia {unknown}
Potions
 h - a potion of berserk rage {unknown}
 m - a potion of attraction {unknown}


   Skills:
 - Level 2.0 Fighting
 - Level 1.8 Short Blades
 - Level 1.0 Throwing
 - Level 1.0 Armour
 - Level 1.8 Dodging
 - Level 1.7 Spellcasting
 + Level 3.5 Translocations


You had 4 spell levels left.
You didn't know any spells.
Your spell library contained the following spells:

 Spells                   Type           Power      Damage    Failure   Level
 Blink                    Tloc           18%        N/A       97%         2
 Lesser Beckoning         Tloc           18%        N/A       97%         2
 Teleport Other           Tloc           9%         N/A       100%        3
 Manifold Assault         Tloc           9%         N/A       100%        4
 Vhi's Electric Charge    Tloc/Air       10%        N/A       100%        4


Dungeon Overview and Level Annotations

Branches:
Dungeon (1/15)

Altars:


Innate Abilities, Weirdness & Mutations

You can wield a second weapon in your off-hand.
It takes a long time for you to wield or remove held weapons.
Your first few attacks do less damage.
You cannot equip rings or amulets.


Message History

The kobold is moderately wounded.
You hit the kobold but do no damage. The kobold hits you but does no damage.
You barely miss the kobold with your +0 dagger.
The kobold is moderately wounded.
You hit the kobold with your +0 short sword.
You kill the kobold!
No target in view!
No target in view!
No target in view!
No target in view!
No target in view!
No target in view!
No target in view!
You open the door.
Found a stone staircase leading down.
There is an open door here.
You open the door.
There is an open door here.
You now have 34 gold pieces (gained 9).
You open the door.
There is an open door here.
You open the door.
There is an open door here.
Things that are here:
a +0 dagger; 5 stones; a kobold corpse
c - 2 scrolls of blinking (gained 1) Done exploring.
No target in view!
Done exploring.
Unknown command.
Unknown command.
Saving game... please wait.
Welcome back, Descartes the Coglin Warper.
Press ? for a list of commands and other information.
No monsters, items or features are visible.
There is an open door here.
You enter the shallow water.
Moving in this stuff is going to be slow.
There is a staircase leading out of the dungeon here.
You have escaped!

#..........# ##.....###.......
.....####..# #..###........#..
#...#############'#############.#
........#~~≈≈≈≈..P.....♣♣♣ #.#
#..####.+....~~≈~~~~.....♣♣ #.#
#.......#.....~~PPP~~~....♣# #..
#.......#♣...P.~~~PPP~~....######
##.######♣♣P.....~~PP~~~~..'.#
#.# ♣♣♣♣..@.~~~~≈≈~~~#.# #.#
###'############.## #.# #...#
#.......# #.# #.### #.#####.###
##.##########.# #.#........
..............# #.#.###.###
#...#.......### #.#.# #[###
............#### #.#.###.##.
#...#..........# #.......###


There were no monsters in sight!

Vanquished Creatures
  3 ball pythons (D:1)
  3 bats (D:1)
  2 hobgoblins (D:1)
  A kobold (D:1)
  3 rats (D:1)
12 creatures vanquished.

Notes
Turn   | Place    | Note
-------+----------+-------------------------------------------
     0 | D:1      | Descartes the Coglin Warper began the quest for the Orb.
     0 | D:1      | Reached XP level 1. HP: 16/16 MP: 3/3
    48 | D:1      | Reached skill level 1 in Throwing
    48 | D:1      | Reached skill level 1 in Armour
   204 | D:1      | Reached XP level 2. HP: 22/22 MP: 4/4
   851 | D:$      | Got out of the dungeon alive.

Illustrated notes

Levels and vault maps discovered:
D:1:      tarquinn_simple_flora_water_c, layout_loops_corners,
          minmay_tree_intersection

Skill      XL: |  1 |
---------------+----+-----
Throwing       | 1 |  1.0
Armour         | 1 |  1.0
Fighting       | |  2.0
Short Blades   | |  1.8
Dodging        | |  1.8
Spellcasting   | |  1.7
Translocations | |  3.5

Action                     || total
---------------------------++-------
  Melee: Dagger            ||    25
         Short sword       ||    22
 Armour: Leather armour    ||    11
         Chain mail        ||    24
  Dodge: Dodged            ||    12

Table legend: (Time is in decaauts)
 A = Elapsed time spent in this place.
 B = Non-inter-level travel time spent in this place.
 C = Inter-level travel time spent in this place.
 D = Time resting spent in this place.
 E = Time spent auto-exploring this place.
 F = Levels seen in this place.
 G = Mean time per level.
                   A        B        C        D        E       F      G
               +--------+--------+--------+--------+--------+-----+--------+
         Total |    856 |    807 |     49 |      0 |    701 |   1 |  856.0 |
       Dungeon |    856 |    807 |     49 |      0 |    701 |   1 |  856.0 |
               +--------+--------+--------+--------+--------+-----+--------+

Top non-repeatable levels by time:
     D:1: 856 daAuts
